 Dungeon Crawl Stone Soup version 0.20.0-15-g7f486f2 (webtiles) character file.

2776 NoAnimeNoLife the Grappler (level 9, -5/80 HPs)
             Began as a Troll Monk on June 14, 2017.
             Was a High Priest of Makhleb.
             Slain by a wolf (9 damage)
             ... led by Grum
             ... on level 8 of the Dungeon.
             The game lasted 00:07:00 (4726 turns).

NoAnimeNoLife the Grappler (Troll Monk)             Turns: 4726, Time: 00:07:01

Health: -5/80      AC:  5    Str: 22    XL:     9   Next: 42%
Magic:  8/8        EV: 10    Int:  6    God:    Makhleb [*****.]
Gold:   449        SH:  6    Dex: 14    Spells: 8/8 levels left

rFire    + . .     SeeInvis .     - Unarmed
rCold    . . .     Gourm    +   (no shield)
rNeg     . . .     Faith    .   a - +0 robe
rPois    .         Spirit   .   (helmet restricted)
rElec    .         Reflect  +   (no cloak)
rCorr    .         Harm     .   (gloves unavailable)
MR       .....                  (boots unavailable)
Stlth    ++........             C - +6 amulet of reflection
Regen    0.7/turn               i - ring of wizardry
MPRegen  0.2/turn               k - ring of protection from fire

@: no status effects
A: unfitting armour, claws 3, fast metabolism 3, gourmand, regeneration 1,
shaggy fur 1, tough skin 2
a: Minor Destruction, Lesser Servant of Makhleb, Major Destruction, Greater
Servant of Makhleb, Renounce Religion


You were on level 8 of the Dungeon.
You worshipped Makhleb.
Makhleb was extremely pleased with you.
You were very full.

You visited 1 branch of the dungeon, and saw 8 of its levels.

You collected 449 gold pieces.

Inventory:

Armour
 a - a +0 robe (worn)
Jewellery
 c - an uncursed amulet of guardian spirit
 i - a ring of wizardry (left claw)
 k - a ring of protection from fire (right claw)
 v - an uncursed ring of wizardry
 C - a +6 amulet of reflection (around neck)
Wands
 z - a wand of iceblast (8/15)
 A - a wand of confusion (14/48)
Scrolls
 d - a scroll of fog {unknown}
 e - 5 scrolls of remove curse {unknown}
 h - 14 scrolls of identify {unknown}
 j - 2 scrolls of recharging {unknown}
 p - a scroll of enchant armour {unknown}
 q - 5 scrolls of teleportation {unknown}
 s - 2 scrolls of noise {unknown}
 t - 2 scrolls of fear {unknown}
 w - 2 scrolls of amnesia {unknown}
 x - 2 scrolls of magic mapping {unknown}
 y - a scroll of enchant weapon {unknown}
Potions
 f - a potion of haste {unknown}
 l - a potion of ambrosia {unknown}
 o - a potion of curing {unknown}
 u - a potion of heal wounds {unknown}
Books
 B - a book of Geomancy

   Spells                             Type                      Level
   a - Sandblast                      Earth                        1
   b - Passwall                       Transmutation/Earth          2
   c - Stone Arrow                    Conjuration/Earth            3
   d - Petrify                        Transmutation/Earth          4
   e - Lee's Rapid Deconstruction     Earth                        5
 D - a book of Flames

   Spells                             Type                      Level
   a - Flame Tongue                   Conjuration/Fire             1
   b - Throw Flame                    Conjuration/Fire             2
   c - Conjure Flame                  Conjuration/Fire             3
   d - Inner Flame                    Hexes/Fire                   3
   e - Sticky Flame                   Conjuration/Fire             4
   f - Fireball                       Conjuration/Fire             5
 E - a book of Changes

   Spells                             Type                      Level
   a - Beastly Appendage              Transmutation                1
   b - Sticks to Snakes               Transmutation                2
   c - Spider Form                    Transmutation/Poison         3
   d - Ice Form                       Ice/Transmutation            4
   e - Blade Hands                    Transmutation                5
Comestibles
 b - 8 bread rations
 g - 4 royal jellies
 m - 7 fruits
 r - 3 meat rations


   Skills:
 - Level 2.4 Fighting
 - Level 2.4 Dodging
 - Level 1.0 Stealth
 + Level 12.9 Unarmed Combat


You had 8 spell levels left.
You didn't know any spells.

Dungeon Overview and Level Annotations

Branches:
Dungeon (8/15)             Temple (0/1) D:5
   Lair: D:8-11

Altars:
Kikubaaqudgha
Makhleb
Nemelex Xobeh
Ru
Xom

Shops:
D:4 (   D:7 %

Annotations:
D:3 Natasha
D:8 Grum, Psyche


Innate Abilities, Weirdness & Mutations

You are too large for most types of armour.
You have claws for hands.
Your metabolism is lightning-fast.
You like to eat raw meat.
Your natural rate of healing is unusually fast.
You are covered in fur. (AC +1)
You have very tough skin. (AC +2)


Message History

The wolf barely misses you.
The hound stops to sniff the ground.
You block the wolf's attack.
You claw the wolf!
You kill the wolf!
Makhleb accepts your kill.
You feel better. Something hits you. The wolf bites you.
You scratch the wolf.
The wolf is moderately wounded.
Something hits you!!
* * * LOW HITPOINT WARNING * * *
You block the wolf's attack.
You barely miss the wolf.
The wolf is moderately wounded.
You block the wolf's attack. Something hits you!
* * * LOW HITPOINT WARNING * * *
Okay, then.
Okay, then.
It was a potion of cancellation.
You feel magically purged. The wolf bites you!
You die...

......#.##.## #.#
#..####. #.# #.# ...# #.
#.# #.# ##.# ##+# #.#
#... #...# #.# ######
.....# #.# .## ......#
###.## # ..####
......{###....###########
.....+
......hh@................
..####
.......###....###########
.## ......# #.#.## # .#
.....# ##.### .# #...#
##...## .# ##+# #..#..###
.# #[# #.###...#
.#########.# #..#..#.#
#### ........##.##
###...##.# #...


You could see a wolf and a hound.

Vanquished Creatures
  Prince Ribbit (D:7)
  An orc warrior (D:6)
  A sky beast (D:7)
  2 ice beasts (D:6)
  An ogre (D:6)
  3 wolves (D:8)
  2 centaurs (D:6)
  Blork the orc (D:4)
  The ghost of Oozefury the Ruffian, an amateur VSTm (D:3)
  2 bullfrogs
  3 scorpions
  2 killer bees
  A bullfrog zombie (D:6)
  4 crimson imps
  A bullfrog skeleton (D:8)
  A jelly (D:6)
  A centaur skeleton (D:4)
  7 orc priests
  A hound (D:4)
  6 orc wizards
  A gnoll shaman (D:7)
  Ijyb (D:5)
  Natasha (twice) (D:3)
  2 iguanas
  5 worker ants
  A hound zombie (D:8)
  A hound skeleton (D:4)
  7 gnolls
  6 adders
  5 shadow imps
  An ooze (D:2)
  An adder skeleton (D:5)
  7 worms
  A dart slug (D:3)
  3 leopard geckos
  17 orcs
  3 ball pythons
  7 bats
  A bat zombie (D:2)
  3 giant cockroaches
  5 goblins
  6 hobgoblins
  4 jackals
  6 kobolds
  4 quokkas
  5 frilled lizards
  6 rats
  5 rat zombies (D:2)
158 creatures vanquished.

Notes
Turn   | Place    | Note
-------+----------+-------------------------------------------
     0 | D:1      | NoAnimeNoLife the Troll Monk began the quest for the Orb.
     0 | D:1      | Reached XP level 1. HP: 22/22 MP: 0/0
   438 | D:1      | Reached XP level 2. HP: 29/29 MP: 1/1
   748 | D:2      | Found a burning altar of Makhleb.
   758 | D:2      | Reached skill level 4 in Unarmed Combat
   768 | D:2      | Became a worshipper of Makhleb the Destroyer
   768 | D:2      | Reached * piety under Makhleb
   768 | D:2      | Reached ** piety under Makhleb
   773 | D:2      | Reached XP level 3. HP: 36/36 MP: 2/2
  1351 | D:2      | Reached XP level 4. HP: 42/44 MP: 3/3
  1358 | D:2      | Found an ancient bone altar of Kikubaaqudgha.
  1462 | D:2      | Reached skill level 5 in Unarmed Combat
  1513 | D:3      | Found a shimmering altar of Xom.
  1608 | D:3      | Noticed Natasha
  1618 | D:3      | Killed Natasha
  1722 | D:3      | Reached XP level 5. HP: 26/50 MP: 1/4
  1730 | D:3      | Reached *** piety under Makhleb
  1798 | D:3      | Noticed Natasha
  1805 | D:3      | Killed Natasha
  1805 | D:3      | Reached skill level 6 in Unarmed Combat
  1809 | D:3      | Noticed Oozefury's ghost (amateur VSTm)
  1815 | D:3      | Killed Oozefury's ghost
  1967 | D:3      | Noticed Natasha
  1995 | D:4      | Reached XP level 6. HP: 39/59 MP: 2/5
  2010 | D:4      | Reached skill level 7 in Unarmed Combat
  2021 | D:4      | Found a sacrificial altar of Ru.
  2181 | D:4      | Noticed Blork the orc
  2194 | D:4      | Killed Blork the orc
  2197 | D:4      | Reached skill level 8 in Unarmed Combat
  2219 | D:4      | Found Cigare's Antique Weapon Emporium.
  2222 | D:4      | Reached XP level 7. HP: 66/66 MP: 6/6
  2510 | D:5      | Entered Level 5 of the Dungeon
  2578 | D:5      | Found a staircase to the Ecumenical Temple.
  2585 | D:5      | Reached skill level 9 in Unarmed Combat
  2607 | D:5      | Found a sparkling altar of Nemelex Xobeh.
  2706 | D:5      | Noticed Ijyb
  2711 | D:5      | Killed Ijyb
  2867 | D:5      | Reached **** piety under Makhleb
  3171 | D:6      | Reached XP level 8. HP: 74/74 MP: 7/7
  3186 | D:6      | Reached skill level 10 in Unarmed Combat
  3331 | D:6      | Reached skill level 11 in Unarmed Combat
  3791 | D:7      | Reached XP level 9. HP: 20/80 MP: 0/8
  3908 | D:7      | Found Uleom's Food Shop.
  3916 | D:7      | Reached skill level 12 in Unarmed Combat
  4051 | D:7      | Noticed Prince Ribbit
  4067 | D:7      | Killed Prince Ribbit
  4397 | D:8      | Noticed Psyche
  4634 | D:8      | Reached ***** piety under Makhleb
  4712 | D:8      | Noticed Grum
  4725 | D:8      | HP: 3/80 [something (14)]
  4726 | D:8      | Slain by a wolf

Skill      XL: |  1  2  3  4  5  6  7  8  9 |
---------------+----------------------------+-----
Unarmed Combat | 4 5 6 8 9 11 12 | 12.9
Fighting       | |  2.4
Dodging        | |  2.4
Stealth        | |  1.0

Action                   |  1- 3 |  4- 6 |  7- 9 || total
-------------------------+-------+-------+-------++-------
Melee: Unarmed           |   105 |   105 |   241 ||   451
       Punch             |       |     1 |    13 ||    14
  Use: Potion            |       |       |     2 ||     2
 Stab: Sleeping          |     3 |     1 |     2 ||     6
       Paralysed         |       |     1 |       ||     1
  Eat: Chunk             |    10 |    12 |    25 ||    47
Armor: Robe              |    40 |    29 |    35 ||   104
Dodge: Dodged            |    56 |    52 |    85 ||   193
Block: Other             |       |       |    19 ||    19
